 Dungeon Crawl Stone Soup version 0.31-a0-1591-g515db51633 (webtiles) character file.

Game seed: 11705351626857186980

379 SmokeWeed the Covert (level 6, -3/42 HPs)
             Began as an Octopode Brigand on Jan 7, 2024.
             Slain by an orc
             ... wielding a +0 mace
              (4 damage)
             ... on level 4 of the Dungeon.
             The game lasted 00:07:11 (2772 turns).

SmokeWeed the Covert (Octopode Brigand)             Turns: 2772, Time: 00:07:12

Health: -3/42      AC:  1    Str: 11    XL:     6   Next: 74%
Magic:  2/2        EV: 13    Int: 16    God:
Gold:   149        SH:  0    Dex: 15    Spells: 5/5 levels left

rFire   . . .        n - +5 hand axe of Regicide {antimagic, ^Fragile Int+3 SInv Stlth+}
rCold   . . .        (no shield)
rNeg    . . .        i - +0 hat
rPois   .            (no amulet)
rElec   .            s - ring of willpower
rCorr   .            (no ring)
SInv    +            (no ring)
Will    +....        (no ring)
Stlth   ++++++       (no ring)
HPRegen 0.27/turn    (no ring)
MPRegen 0.08/turn    (no ring)
                     (no ring)

%: no passive effects
@: lethally poisoned (-3 -> -11)
A: almost no armour, amphibious, 8 rings, camouflage 1, gelatinous body 1,
(nimble swimmer 1), tentacles
a: no special abilities


You were on level 4 of the Dungeon.
You visited 2 branches of the dungeon, and saw 5 of its levels.

You collected 149 gold pieces.

Inventory:

Hand Weapons
 a - a +2 dagger
 k - a +0 dagger of speed
 n - the +5 hand axe of Regicide (weapon) {antimagic, ^Fragile Int+3 SInv Stlth+}
   (You found it on level 2 of the Dungeon)

   Int+3:     It affects your intelligence (+3).
   SInv:      It lets you see invisible.
   ^Fragile:  It will be destroyed if unequipped.
   Stlth+:    It makes you more stealthy.
Missiles
 b - 22 poisoned darts
 c - 3 curare-tipped darts (quivered)
Armour
 i - a +0 hat (worn)
Jewellery
 s - a ring of willpower (left tentacle)
Wands
 q - a wand of paralysis (8)
Scrolls
 e - 3 scrolls of teleportation
 o - a scroll of identify {unknown}
 p - a scroll of revelation {unknown}
Potions
 d - 2 potions of enlightenment {unknown}
 f - a potion of might {unknown}
 j - 2 potions of haste {unknown}
 l - a potion of invisibility {unknown}
 m - a potion of heal wounds {unknown}
 r - a potion of mutation {unknown}


   Skills:
 * Level 3.4 Fighting
 + Level 2.2 Short Blades
 + Level 2.0 Axes
 * Level 3.2 Throwing
 + Level 1.1 Dodging
 + Level 8.5 Stealth


You had 5 spell levels left.
You didn't know any spells.
Your spell library contained the following spells:

 Spells                   Type           Power      Damage    Failure   Level
 Call Imp                 Summ           0%         N/A       36%         2
 Sublimation of Blood     Necr           0%         N/A       36%         2
 Summon Hydra             Summ           0%         N/A       100%        7


Dungeon Overview and Level Annotations

Branches:
Dungeon (4/15)             Temple (1/1) D:4

Altars:
Ashenzari
Cheibriados
Elyvilon
Fedhas
Gozag
Hepliaklqana
Kikubaaqudgha
Makhleb
Nemelex Xobeh
Okawaru
Ru
Trog
Vehumet
Wu Jian
Xom
Yredelemnul
Zin
The Shining One

Shops:
D:4 (


Innate Abilities, Weirdness & Mutations

You cannot wear most types of armour.
You are amphibious.
You can wear up to eight rings at the same time.
Your skin changes colour to match your surroundings (Stealth+).
Your rubbery body absorbs attacks. (AC +1, EV +1)
((You are camouflaged when in or above water. (Stealth+)))
You have tentacles for arms and can constrict up to eight enemies at once.


Message History

The orc wizard is almost dead.
You hit the orc wizard.
The orc wizard's magic leaks into the air.
You hit the orc.
You constrict the orc wizard, but do no damage.
The orc wizard hits you with a +2 dagger of venom.
The orc barely misses you. The orc wizard barely misses you.
You barely miss the orc wizard.
The orc wizard is almost dead.
You closely miss the orc wizard. You closely miss the orc.
You constrict the orc wizard.
You kill the orc wizard!
The orc wizard misses you. The orc hits you with a +0 mace.
Your Axes skill increases to level 2!
You hit the orc wizard.
The orc wizard's magic leaks into the air.
Your grab misses the orc wizard.
The orc wizard is heavily wounded.
You hit the orc.
You kill the orc!
The orc wizard hits you with a +2 dagger of venom.
You are poisoned.
You hit the orc wizard.
The orc wizard's magic leaks into the air.
Your grab misses the orc wizard.
The orc wizard is almost dead.
You slash the orc!
You feel very sick. The orc hits you with a +0 mace!
* * * LOW HITPOINT WARNING * * *
The orc wizard hits you with a +2 dagger of venom!
* * * LOW HITPOINT WARNING * * *
You miss the orc wizard. You grab the orc wizard.
You tentacle-slap the orc wizard. You squeeze the orc wizard.
You kill the orc wizard!
You closely miss the orc.
* * * LOW HITPOINT WARNING * * *
You feel very sick. The orc misses you. The orc hits you with a +0 mace.
You die...

## #### . ..# #. #.#
..###.##.######
..............######
...#.##..##∩...@)..#
#..####..)o/.....
#....#######.####
#...#.# #.#
#.#.####.####
#o#####
[)..........#
#.....#
#.###..#>##.#
#####.# #. #..#..# #
#<# # ....##.## #.#


You could see an orc.

Vanquished Creatures
  Sigmund (D:3)
  A bombardier beetle (D:4)
  An iguana (D:4)
  Natasha (twice) (D:3)
  2 orc wizards (D:4)
  A gnoll (D:1)
  3 adders
  3 dart slugs
  2 ribbon worms
  An orc (D:4)
  2 bats
  5 endoplasms
  2 giant cockroaches (D:3)
  2 hobgoblins
  7 jackals
  5 kobolds
  3 quokkas (D:1)
  7 ball pythons
  4 frilled lizards
  4 goblins
  6 rats
64 creatures vanquished.

Notes
Turn   | Place    | Note
-------+----------+-------------------------------------------
     0 | D:1      | SmokeWeed the Octopode Brigand began the quest for the Orb.
     0 | D:1      | Reached XP level 1. HP: 14/14 MP: 1/1
    90 | D:1      | Reached XP level 2. HP: 19/19 MP: 2/2
   170 | D:1      | Reached skill level 6 in Stealth
   185 | D:1      | Reached XP level 3. HP: 15/24 MP: 3/3
  1014 | D:2      | Identified the +5 hand axe of Regicide {antimagic, ^Fragile
                  | Int+3 SInv Stlth+}
  1029 | D:2      | Reached XP level 4. HP: 29/30 MP: 1/4
  1037 | D:2      | Reached skill level 7 in Stealth
  1262 | D:2      | Found a bloodstained altar of Trog.
  1495 | D:3      | Noticed Natasha
  1501 | D:3      | Killed Natasha
  1741 | D:3      | Noticed Natasha
  1747 | D:3      | Killed Natasha
  1748 | D:3      | Reached XP level 5. HP: 34/36 MP: 1/5
  1769 | D:3      | Found an iron altar of Okawaru.
  1805 | D:3      | Found a hazy altar of Hepliaklqana.
  1833 | D:3      | Found a blossoming altar of Fedhas.
  2300 | D:3      | Noticed Sigmund
  2305 | D:3      | Killed Sigmund
  2306 | D:3      | Reached skill level 1 in Axes
  2306 | D:3      | Reached skill level 8 in Stealth
  2306 | D:3      | Reached XP level 6. HP: 41/42 MP: 2/6
  2306 | D:3      | Found a faded altar of an unknown god.
  2467 | D:4      | Found a staircase to the Ecumenical Temple.
  2506 | Temple   | Entered the Ecumenical Temple
  2757 | D:4      | Found Umauf's Weapon Emporium.
  2772 | D:4      | HP: 1/42 [poisoned by an orc wizard]
  2772 | D:4      | Slain by an orc

Illustrated notes

Levels and vault maps discovered:
D:1:      dpeg_arrival_rooms_a, layout_loops_ring
D:2:      layout_basic, basic_altar, item_on_display_a
D:3:      wander_river, layout_basic, jmf_multi_god_temple,
          mainiacjoe_overflow_catwalk, shapermc_ecumenical_altar_petra,
          serial_co_window_serial, co_window_corner_a, co_window_paths_a,
          co_window_cross_1, co_window_of_opportunity_a, co_window_paths_b,
          co_window_paths_a, co_window_paths_b, co_window_paths_c,
          co_window_broadway_b, co_window_unsneaky_path_e, glass_columns_a,
          glass_columns_b, glass_columns_b, glass_columns_a, uniq_natasha,
          uniq_sigmund
D:4:      layout_loops_ring, amcnicky_altar_gilded,
          minmay_temple_entry_antechambers, serial_shops, shop, shop,
          minmay_strange_pillars
Temple:   regret_index_temple_waves

Skill      XL: |  1  2  3  4  5  6 |
---------------+-------------------+-----
Stealth        | 6 7 8 |  8.5
Fighting       | 3 |  3.4
Axes           | 1 2 |  2.0
Throwing       | 3 |  3.2
Short Blades   | |  2.2
Dodging        | |  1.1

Action                     |  1- 3 |  4- 6 || total
---------------------------+-------+-------++-------
  Melee: Dagger            |    56 |       ||    56
         Constrict         |    13 |    13 ||    26
         Tentacles         |    12 |    12 ||    24
         Hand axe          |     4 |    48 ||    52
         Punch             |       |     1 ||     1
  Throw: Dart              |       |     1 ||     1
    Use: Scroll            |       |     3 ||     3
   Stab: Sleeping          |    15 |    14 ||    29
         Distracted        |       |     1 ||     1
 Armour: Skin              |    27 |    28 ||    55
  Dodge: Dodged            |    31 |    22 ||    53

Table legend: (Time is in decaauts)
 A = Elapsed time spent in this place.
 B = Non-inter-level travel time spent in this place.
 C = Inter-level travel time spent in this place.
 D = Time resting spent in this place.
 E = Time spent auto-exploring this place.
 F = Levels seen in this place.
 G = Mean time per level.
                   A        B        C        D        E       F      G
               +--------+--------+--------+--------+--------+-----+--------+
         Total |   2778 |   2481 |    297 |     73 |   1852 |   5 |  555.6 |
       Dungeon |   2546 |   2479 |     67 |     73 |   1852 |   4 |  636.5 |
        Temple |    231 |      1 |    230 |      0 |      0 |   1 |  231.0 |
               +--------+--------+--------+--------+--------+-----+--------+

Top non-repeatable levels by time:
     D:3: 905 daAuts
     D:1: 734 daAuts
     D:2: 699 daAuts
  Temple: 231 daAuts
     D:4: 207 daAuts
